 Dungeon Crawl Stone Soup version 0.25.0-10-g039870ee82 (webtiles) character file.

Game seed: 8266635529823424539

7927 gas the Archer (level 11, -5/91 HPs)
             Began as a Centaur Hunter on June 23, 2020.
             Was an Elder of Okawaru.
             Slain by a crocodile (8 damage)
             ... on level 9 of the Dungeon.
             The game lasted 01:03:17 (11974 turns).

gas the Archer (Centaur Hunter)                    Turns: 11974, Time: 01:03:18

Health: -5/91      AC:  8    Str: 16    XL:     11   Next: 3%
Magic:  11/11      EV:  9    Int: 10    God:    Okawaru [****..]
Gold:   558        SH:  5    Dex: 12    Spells: 10/10 levels left

rFire    x . .     SeeInvis .   q - +2 quarterstaff (chaos)
rCold    + + .     Gourm    .   (shield currently unavailable)
rNeg     . . .     Faith    .   m - +1 scale mail {rC+}
rPois    .         Spirit   .   (no helmet)
rElec    .         Reflect  +   x - +2 cloak
rCorr    .         Harm     .   (no gloves)
MR       +....                  (no barding)
Stlth    ..........             t - amulet of reflection
HPRegen  0.25/turn              u - ring of ice
MPRegen  0.12/turn              (no ring)

@: mighty, about to teleport, corroded, very quick
A: large, hooves 3, blurry vision 1, deformed body, speed 2, magic resistance 1,
tough skin 3
a: Heroism, Renounce Religion


You were on level 9 of the Dungeon.
You worshipped Okawaru.
Okawaru was greatly pleased with you.
You were not hungry.

You visited 2 branches of the dungeon, and saw 11 of its levels.

You collected 558 gold pieces.

Inventory:

Hand Weapons
 a - a +2 shortbow
 q - a +2 quarterstaff of chaos (weapon)
 y - a +4 long sword of freezing
 H - a +0 hand axe of distortion
Missiles
 d - 158 arrows
Armour
 m - a +1 scale mail of cold resistance (worn)
 x - a +2 cloak (worn)
 B - a scarf of harm
 I - a +0 plate armour
 N - a +2 helmet
 P - a +0 helmet
Magical Staves
 v - an uncursed staff of cold {unknown}
Jewellery
 l - an uncursed ring of teleportation
 o - an uncursed ring of magical power
 t - an amulet of reflection (around neck)
 u - a ring of ice (left hand)
 J - a cursed ring of attention
 L - an uncursed ring of ice
 Q - an uncursed ring of wizardry
Wands
 e - a wand of flame (28)
 p - a wand of polymorph (7)
 D - a wand of iceblast (19)
 G - a wand of disintegration (10)
Scrolls
 i - 10 scrolls of remove curse
 n - a scroll of fog
 r - 4 scrolls of teleportation
 s - a scroll of random uselessness {unknown}
 w - a scroll of magic mapping {unknown}
 C - a scroll of blinking {unknown}
 E - 2 scrolls of amnesia
 F - a scroll of enchant weapon
 M - a scroll of fear
 R - a scroll of enchant armour {unknown}
 S - a scroll of identify
Potions
 b - a potion of heal wounds
 c - 2 potions of haste
 g - a potion of berserk rage {unknown}
 h - 4 potions of curing
 j - a potion of mutation
 k - 2 potions of degeneration {unknown}
 z - a potion of might
 A - a potion of lignification {unknown}
 K - a potion of magic {unknown}
 O - a potion of brilliance
Comestibles
 f - 10 rations


   Skills:
 + Level 6.7 Fighting
   Level 1.1(5.6) Maces & Flails
 + Level 8.8 Staves
 + Level 10.4 Bows
 + Level 6.7 Armour
 + Level 3.5 Dodging
 + Level 1.8 Stealth
 + Level 1.2 Evocations


You had 10 spell levels left.
You didn't know any spells.
Your spell library was empty.

Dungeon Overview and Level Annotations

Branches:
Dungeon (10/15)            Temple (1/1) D:7
   Lair: D:8-11         Orc: D:9-12

Altars:
Ashenzari
Cheibriados
Dithmenos
Elyvilon
Fedhas
Gozag
Hepliaklqana
Kikubaaqudgha
Makhleb
Nemelex Xobeh
Okawaru
Qazlal
Ru
Sif Muna
Trog
Uskayaw
Vehumet
Wu Jian
Xom
Yredelemnul
Zin
The Shining One

Annotations:
D:6 2 transporters


Innate Abilities, Weirdness & Mutations

You have hooves in place of feet.
Armour fits poorly on your strangely shaped body.
You cover ground very quickly.
You have extremely tough skin. (AC +3)
Scrolls take you a little longer to read.
You are resistant to hostile enchantments. (MR+)


Message History

You begin reading the scroll.
You continue reading the scroll.
The crocodile barely misses you.
The big kobold hits you but does no damage.
The kobold barely misses you. x2; You block the wyvern's attack.
As you read the scroll of teleportation, it crumbles to dust.
You feel strangely unstable.
Unknown command.
You closely miss the wyvern.
The wyvern is moderately wounded.
The crocodile bites you but does no damage.
The kobold hits you but does no damage.
The big kobold hits you but does no damage.
The kobold completely misses you. The kobold barely misses you.
You block the wyvern's attack.
You bludgeon the wyvern!!
You kill the wyvern!
Okawaru accepts your kill.
Your Evocations skill increases to level 1!
The crocodile bites you!
You die...

#....#........#.#
#.'....#.
#....#........#.#
#.#....#.
#....#........#.#
#.###..#
#################
####### ####
###..#.######## ##
###.#(###........
#..###.#.........###..
.##....KK(((.....###
### .......@KK..###.##
....#..Kt.##.####
.....#....# #.K
.##....#.## ###
###.#### ##


You could see a crocodile, a big kobold and 4 kobolds.

Vanquished Creatures
  2 two-headed ogres (D:9)
  Pikel (D:7)
  A troll (D:9)
  Prince Ribbit (D:5)
  4 hippogriffs
  Eustachio (D:6)
  3 wyverns (D:9)
  3 yaks (D:6)
  An acid dragon (D:9)
  3 orc warriors
  A necrophage (D:7)
  3 ice beasts
  A slave (D:7)
  A black bear (D:9)
  An eye of draining (D:8)
  6 ogres
  A phantom (D:9)
  9 bullfrogs
  A water moccasin skeleton (D:7)
  A wyvern skeleton (D:8)
  3 scorpions
  3 wights (D:5)
  2 howler monkeys
  3 crimson imps
  A centaur zombie (D:8)
  2 bullfrog zombies
  4 jellies
  7 orc priests
  2 hounds
  A bullfrog skeleton (D:7)
  Crazy Yiuf (D:3)
  A centaur skeleton (D:6)
  5 iguanas
  6 orc wizards
  11 worker ants
  Terence (D:3)
  A hound zombie (D:9)
  6 adders
  A shadow imp (D:9)
  3 oozes
  An adder skeleton (D:7)
  An adder zombie (D:6)
  A dart slug (D:2)
  5 leopard geckos
  27 orcs
  4 bats
  2 giant cockroaches
  7 goblins
  7 hobgoblins
  14 jackals
  11 kobolds
  5 quokkas
  A ball python (D:5)
  6 frilled lizards
  A leopard gecko skeleton (D:6)
  A leopard gecko zombie (D:7)
  2 quokka skeletons
  9 rats
214 creatures vanquished.

Vanquished Creatures (collateral kills)
  A sky beast (D:8)
  2 big kobolds (D:8)
  A shadow imp (D:8)
  2 kobolds (D:8)
6 creatures vanquished.

Vanquished Creatures (others)
  An adder (D:5)
  An orc (D:8)
2 creatures vanquished.

Grand Total: 222 creatures vanquished

Notes
Turn   | Place    | Note
-------+----------+-------------------------------------------
     0 | D:1      | gas the Centaur Hunter began the quest for the Orb.
     0 | D:1      | Reached XP level 1. HP: 17/17 MP: 1/1
   326 | D:1      | Reached XP level 2. HP: 24/24 MP: 2/2
   364 | D:1      | Reached skill level 6 in Bows
   527 | D:1      | You fall into a shaft and drop 1 floor!
   596 | D:2      | Found an opulent altar of Gozag.
   662 | D:2      | Reached XP level 3. HP: 26/29 MP: 3/3
  1055 | D:2      | Found an ornate altar of the Wu Jian Council.
  1070 | D:2      | Found an ancient bone altar of Kikubaaqudgha.
  1077 | D:2      | Found a bloodstained altar of Trog.
  1078 | D:2      | Found a glowing golden altar of the Shining One.
  1623 | D:3      | Gained mutation: Scrolls take you a little longer to read.
                  | [potion of mutation]
  1623 | D:3      | Gained mutation: You are resistant to hostile enchantments.
                  | (MR+) [potion of mutation]
  1713 | D:3      | Reached skill level 7 in Bows
  1713 | D:3      | Reached XP level 4. HP: 36/36 MP: 4/4
  1804 | D:3      | Noticed Terence
  1810 | D:3      | Killed Terence
  2261 | D:3      | Found a runed translucent door.
  2262 | D:3      | Noticed Crazy Yiuf
  2275 | D:3      | Killed Crazy Yiuf
  2757 | D:4      | Reached skill level 1 in Armour
  2757 | D:4      | Reached XP level 5. HP: 42/42 MP: 5/5
  2820 | D:4      | Reached skill level 1 in Maces & Flails
  2845 | D:4      | Reached skill level 8 in Bows
  2889 | D:4      | Noticed an ogre
  2893 | D:4      | Killed an ogre
  2893 | D:4      | Reached XP level 6. HP: 50/50 MP: 6/6
  3092 | D:4      | Found a shattered altar of Ashenzari.
  3294 | D:4      | Reached skill level 9 in Bows
  3718 | D:5      | Entered Level 5 of the Dungeon
  3720 | D:5      | Noticed Prince Ribbit
  4271 | D:6      | Reached XP level 7. HP: 54/57 MP: 7/7
  4343 | D:6      | Found a transporter.
  4351 | D:6      | Noticed a kobold demonologist
  4362 | D:6      | Noticed a kobold demonologist
  4370 | D:6      | Found a transporter.
  4372 | D:6      | Noticed Eustachio
  4389 | D:6      | Killed Eustachio
  4400 | D:6      | Reached skill level 1 in Staves
  4633 | D:6      | Reached skill level 10 in Bows
  4660 | D:6      | Noticed a yak
  4661 | D:6      | Noticed a yak
  4661 | D:6      | Noticed a yak
  4672 | D:6      | Killed a yak
  4672 | D:6      | Reached skill level 1 in Stealth
  4692 | D:6      | Reached XP level 8. HP: 47/66 MP: 8/8
  5196 | D:7      | Noticed a hippogriff
  5202 | D:7      | Killed a hippogriff
  5474 | D:7      | Reached XP level 9. HP: 65/71 MP: 9/9
  5764 | D:7      | Found a staircase to the Ecumenical Temple.
  6019 | Temple   | Entered the Ecumenical Temple
  6128 | Temple   | Became a worshipper of Warmaster Okawaru
  6342 | D:7      | Reached skill level 5 in Staves
  6342 | D:7      | Reached skill level 5 in Armour
  6655 | D:7      | Noticed Pikel
  6671 | D:7      | Killed Pikel
  6671 | D:7      | Reached * piety under Okawaru
  6671 | D:7      | Reached skill level 5 in Fighting
  7591 | D:8      | Reached XP level 10. HP: 76/81 MP: 10/10
  7606 | D:8      | You fall into a shaft and drop 2 floors!
  7606 | D:10     | Entered Level 10 of the Dungeon
  7654 | D:9      | Noticed a two-headed ogre
  7669 | D:9      | Killed a two-headed ogre
  7669 | D:9      | Reached ** piety under Okawaru
  8920 | D:5      | Killed Prince Ribbit
  9479 | D:5      | Reached *** piety under Okawaru
  9889 | D:5      | Found a shimmering altar of Xom.
 10431 | D:9      | Noticed a two-headed ogre
 10444 | D:9      | Killed a two-headed ogre
 10444 | D:9      | Received a gift from Okawaru
 10871 | D:9      | Reached **** piety under Okawaru
 11404 | D:9      | Found a blossoming altar of Fedhas.
 11404 | D:9      | Found a shadowy altar of Dithmenos.
 11965 | D:9      | Reached XP level 11. HP: 35/91 MP: 11/11
 11970 | D:9      | HP: 4/91 [crocodile (12)]
 11974 | D:9      | Reached skill level 1 in Evocations
 11974 | D:9      | Slain by a crocodile

Illustrated notes

Levels and vault maps discovered:
D:1:      dpeg_arrival_boxes_within_box, layout_loops_corners
D:2:      layout_basic, nicolae_gozag_cash_rules_everything_around_me,
          minitemple, minmay_pentomino_u4
D:3:      layout_basic, uniq_terence, uniq_crazy_yiuf_cottage
D:4:      layout_basic, first_ration, minmay_misc_feat_secret_circle,
          chequers_jeans, nicolae_ashenzari_panopticon
D:5:      layout_cave_pods, tgw_xom, uniq_prince_ribbit1
D:6:      gammafunk_wand_slinger, layout_loops_cross, uniq_eustachio
D:7:      layout_loops_ring, temple_pool_b, grunt_ogre_cave, uniq_pikel
D:8:      layout_loops_cross
D:9:      minmay_weird_star, layout_irregular_city,
          gammafunk_temple_overflow_elements, erik_lair_dragon,
          minmay_misc_feat_roman, hangedman_minor_gate_pass
D:10:     minmay_tri_box, layout_basic, basic_altar, kennysheep_generic_room_13
Temple:   regret_index_temple_waves

Skill      XL: |  1  2  3  4  5  6  7  8  9 10 11 |
---------------+----------------------------------+-----
Bows           | 6 7 8 9 10 | 10.4
Armour         | 1 3 4 5 6 |  6.7
Maces & Flails | 1 |  1.1
Fighting       | 3 4 5 6 |  6.7
Staves         | 1 4 6 8 |  8.8
Stealth        | 1 |  1.8
Dodging        | 2 3 |  3.5
Evocations     | 1 |  1.2

Action                   |  1- 3 |  4- 6 |  7- 9 | 10-12 || total
-------------------------+-------+-------+-------+-------++-------
Melee: Mace              |       |    15 |       |       ||    15
       Kick              |       |     8 |    68 |    62 ||   138
       Quarterstaff      |       |    22 |   269 |   240 ||   531
 Fire: Shortbow          |   110 |   119 |     6 |       ||   235
Evoke: Wand              |       |       |     1 |     3 ||     4
  Use: Potion            |     5 |     6 |     1 |     2 ||    14
       Scroll            |     4 |     6 |     3 |     4 ||    17
 Stab: Paralysed         |       |     2 |       |       ||     2
       Confused          |       |       |     1 |     3 ||     4
  Eat: Ration            |     1 |     2 |     2 |     4 ||     9
Armor: Leather armour    |     9 |       |       |       ||     9
       Scale mail        |     3 |    29 |   126 |    95 ||   253
Dodge: Dodged            |    23 |    19 |    97 |    90 ||   229
Block: Other             |       |    16 |    51 |    44 ||   111
       Reflection        |       |     1 |     1 |     1 ||     3
